 Dungeon Crawl Stone Soup version 0.30-a0-847-g17996783a1 (webtiles) character file.

Game seed: 7382222467675536113

32 cforsyth the Sneak (level 3, 0/22 HPs)
             Began as a Kobold Brigand on Mar 3, 2023.
             Slain by an orc
             ... wielding a +0 club
              (5 damage)
             ... on level 3 of the Dungeon.
             The game lasted 00:01:14 (1800 turns).

cforsyth the Sneak (Kobold Brigand)                 Turns: 1800, Time: 00:01:14

Health: 0/22       AC:  3    Str:  8    XL:     3   Next: 42%
Magic:  3/3        EV: 15    Int: 12    God:
Gold:   87         SH:  0    Dex: 18    Spells: 2/2 levels left

rFire   . . .      SeeInvis .    a - +2 dagger
rCold   . . .      Faith    .    (no shield)
rNeg    . . .      Spirit   .    b - +0 robe
rPois   .          Reflect  .    (no helmet)
rElec   .          Rampage  .    c - +0 cloak
rCorr   .                        (no gloves)
Will    .....                    (no boots)
Stlth   ++++                     (no amulet)
HPRegen 0.23/turn                (no ring)
MPRegen 0.08/turn                (no ring)

@: no status effects
A: small, no large weapons, nightstalker 3
a: no special abilities


You were on level 3 of the Dungeon.
You visited 1 branch of the dungeon, and saw 3 of its levels.

You collected 87 gold pieces.

Inventory:

Hand Weapons
 a - a +2 dagger (weapon)
Missiles
 d - 9 poisoned darts (quivered)
 e - 3 curare-tipped darts
Armour
 b - a +0 robe (worn)
 c - a +0 cloak (worn)
Jewellery
 i - a +6 ring of intelligence
Scrolls
 g - 2 scrolls of fog {unknown}
 k - 3 scrolls of teleportation {unknown}
 o - a scroll of fear {unknown}
Potions
 f - a potion of cancellation {unknown}
 h - a potion of haste {unknown}
 j - a potion of invisibility {unknown}
 l - 2 potions of curing {unknown}
 m - a potion of lignification {unknown}
 n - a potion of ambrosia {unknown}


   Skills:
 + Level 2.7 Fighting
 + Level 3.3 Short Blades
 - Level 2.1 Throwing
 + Level 2.1 Dodging
 + Level 5.7 Stealth


You had 2 spell levels left.
You didn't know any spells.
Your spell library contained the following spells:

 Spells                   Type           Power      Damage    Failure   Level
 Foxfire                  Conj/Fire      0%         2x1d4     32%         1
 Ozocubu's Armour         Ice            0%         N/A       69%         3
 Fireball                 Conj/Fire      0%         3d3       100%        5
 Starburst                Conj/Fire      0%         6d3       100%        6
 Ozocubu's Refrigeration  Ice            0%         4d7       100%        7


Dungeon Overview and Level Annotations

Branches:
Dungeon (3/15)

Altars:


Innate Abilities, Weirdness & Mutations

You are small and have problems with some larger weapons.
You are completely attuned to the shadows.


Message History

Done exploring.
(D) Dungeon
Where to? (Enter - D:2, ? - help)
There is a stone staircase leading down here.
You climb downwards.
Found a book of Fire.
Found a stone staircase leading up.
There is a stone staircase leading up here.
You pick up a book of Fire and begin reading...
You add the spells Foxfire, Fireball and Starburst to your library.
An orc comes into view. It is wielding a +0 club.
An orc is nearby!
A ball python comes into view.
The ball python hisses angrily.
You hear a shout! x2
An orc comes into view. It is wielding a +0 flail.
The orc shouts!
An orc comes into view. It is wielding a +0 mace.
You hear an angry hiss.
You hear a shout!
The ball python bites you. The ball python barely misses you.
The orc moves out of view.
You hit the ball python.
You kill the ball python!
The orc barely misses you. The orc completely misses you.
You hit the orc but do no damage. The orc closely misses you.
The orc hits you with a +0 flail.
You closely miss the orc. The orc closely misses you.
The orc hits you with a +0 flail.
A frilled lizard comes into view.
You are too injured to fight recklessly!
You are too injured to fight recklessly!
You are too injured to fight recklessly!
You are too injured to fight recklessly!
You are too injured to fight recklessly!
The orc attacks as you move away! The orc misses you.
The orc attacks as you move away! The orc hits you with a +0 club.
The orc attacks as you move away! The orc hits you with a +0 club.
* * * LOW HITPOINT WARNING * * *
The orc attacks as you move away! The orc hits you with a +0 club.
* * * LOW HITPOINT WARNING * * *
The orc attacks as you move away! The orc hits you with a +0 club.
You die...

.... .... ....
....## ....<###
. ..<#.@o## ..
..
###..########.#
. ##.l........#
#########..#
.... ###.


You could see an orc and a frilled lizard.

Vanquished Creatures
  A dart slug (D:2)
  4 endoplasms
  A giant cockroach (D:1)
  2 hobgoblins
  A kobold (D:1)
  A quokka (D:2)
  5 ball pythons
  4 frilled lizards
  5 goblins
  5 rats
29 creatures vanquished.

Vanquished Creatures (others)
  22 plants (D:2)
22 creatures vanquished.

Grand Total: 51 creatures vanquished

Notes
Turn   | Place    | Note
-------+----------+-------------------------------------------
     0 | D:1      | cforsyth the Kobold Brigand began the quest for the Orb.
     0 | D:1      | Reached XP level 1. HP: 12/12 MP: 1/1
   201 | D:1      | Reached XP level 2. HP: 18/18 MP: 2/2
   978 | D:2      | Reached XP level 3. HP: 16/22 MP: 3/3
  1800 | D:3      | Slain by an orc

Illustrated notes

Levels and vault maps discovered:
D:1:      doesnt_arrival_eight_statues, layout_basic
D:2:      layout_loops_corners, hangedman_glass_teeth, kennysheep_boxes
D:3:      layout_rooms, lemuel_round_altar, serial_shops, shop

Skill      XL: |  1  2 |
---------------+-------+-----
Short Blades   | 3 |  3.3
Dodging        | 2 |  2.1
Fighting       | |  2.7
Throwing       | |  2.1
Stealth        | |  5.7

Action                     || total
---------------------------++-------
  Melee: Dagger            ||    62
   Stab: Sleeping          ||    15
 Armour: Robe              ||     5
  Dodge: Dodged            ||    31

Table legend: (Time is in decaauts)
 A = Elapsed time spent in this place.
 B = Non-inter-level travel time spent in this place.
 C = Inter-level travel time spent in this place.
 D = Time resting spent in this place.
 E = Time spent auto-exploring this place.
 F = Levels seen in this place.
 G = Mean time per level.
                   A        B        C        D        E       F      G
               +--------+--------+--------+--------+--------+-----+--------+
         Total |   1790 |   1711 |     79 |      0 |   1516 |   3 |  596.7 |
       Dungeon |   1790 |   1711 |     79 |      0 |   1516 |   3 |  596.7 |
               +--------+--------+--------+--------+--------+-----+--------+

Top non-repeatable levels by time:
     D:2: 1101 daAuts
     D:1: 662 daAuts
     D:3: 26 daAuts
